AoeStats
← ACRAGT

Arabian Desert

510640835Analyzed
1v1 RM · 2d ago on Oct 1, 2026· 41m 36s· 2 players
Game mode
Random Map
Map size
Tiny (2 player)
Population
200
Speed
Normal
Resources
Standard
Victory
Conquest
Starting age
Dark Age
Ending age
Imperial Age
RankedLock teamsTeams togetherTeam positionsShared explorationLock speedFull tech treeHidden civsTurbo modeCheats
Victory
Defeat
🇺🇸 Armenians · United States
754
+15
🇧🇷 Portuguese · Brazil
725
-32
ACRAGT
13:29 Feudal Age
15:10 Wheelbarrow
15:50 Double-Bit Axe
16:10 Horse Collar
21:04 Scale Barding Armor
27:55 Castle Age
28:04 Castle Age
26:26 Bloodlines
27:04 Forging
Cosecant
3:47 Loom
10:31 Feudal Age
13:11 Wheelbarrow
14:29 Double-Bit Axe
19:46 Castle Age
18:27 Gold Mining
20:02 Forging
19:15 Man-at-Arms
19:43 Arson
21:38 Stone Mining
21:33 Long Swordsman
22:14 Squires
22:24 Scale Mail Armor
25:18 Iron Casting
24:08 Crossbowman
27:29 Bow Saw
27:20 Two-Handed Swordsman
27:46 Gambesons
28:29 Husbandry
29:17 Fervor
34:32 Chain Mail Armor
34:22 Scale Barding Armor
37:48 Chain Barding Armor
37:30 Fletching
40:18 Champion
40:40 Pikeman
Connection lost

Rejoining the realm…

Still unreachable

The connection could not be restored.

Session expired

The server has moved on; the page needs a fresh start.